 Dungeon Crawl Stone Soup version 0.21-a0-421-gfc1ce30 (webtiles) character file.

280 ohad the Changer (level 6, 0/45 HPs)
             Began as an Octopode Transmuter on Nov 4, 2017.
             Was an Initiate of Okawaru.
             Killed by divine providence
             ... invoked by an orc priest
              (16 damage)
             ... on level 4 of the Dungeon.
             The game lasted 00:07:15 (3790 turns).

ohad the Changer (Octopode Transmuter)              Turns: 3790, Time: 00:07:16

Health: 0/45       AC:  6    Str:  9    XL:     6   Next: 27%
Magic:  5/10       EV: 10    Int: 17    God:    Okawaru [......]
Gold:   148        SH:  0    Dex: 13    Spells: 1/11 levels left

rFire    x . .     SeeInvis .     - Unarmed
rCold    + + +     Gourm    .   (shield currently unavailable)
rNeg     . . .     Faith    .   (helmet currently unavailable)
rPois    +         Spirit   .   (no amulet)
rElec    .         Reflect  .   k - ring of stealth
rCorr    .         Harm     .   (no ring)
MR       .....                  (no ring)
Stlth    +++.......             (no ring)
HPRegen  0.15/turn              (no ring)
MPRegen  0.12/turn              (no ring)
                                (no ring)
                                (no ring)

@: ice-form
A: almost no armour, stealthy swim, amphibious, 8 rings, (constrict 8)
a: End Transformation, Renounce Religion


You were on level 4 of the Dungeon.
You worshipped Okawaru.
Okawaru was noncommittal.
You were very hungry.
You were a creature of crystalline ice.
You visited 1 branch of the dungeon, and saw 4 of its levels.

You collected 148 gold pieces.

Inventory:

Hand Weapons
 e - a cursed +0 hunting sling
 f - a cursed +0 mace
 g - a +0 dagger of holy wrath
 r - a +0 morningstar
Missiles
 a - 73 arrows
 t - 15 sling bullets
Jewellery
 k - a ring of stealth (left front paw)
Scrolls
 h - a scroll of fog {unknown}
 i - a scroll of identify
 j - 2 scrolls of noise {unknown}
 m - 3 scrolls of remove curse {unknown}
 n - a scroll of enchant weapon {unknown}
 o - a scroll of blinking {unknown}
 u - a scroll of immolation {unknown}
Potions
 d - 2 potions of curing
 l - a potion of heal wounds
 p - a potion of flight
 s - a potion of magic {unknown}
Books
 b - a book of Changes

   Spells                             Type                      Level
   a - Beastly Appendage              Transmutation                1
   b - Sticks to Snakes               Transmutation                2
   c - Spider Form                    Transmutation/Poison         3
   d - Ice Form                       Ice/Transmutation            4
   e - Blade Hands                    Transmutation                5
Comestibles
 c - a meat ration
 q - 2 royal jellies


   Skills:
 - Level 1.0 Fighting
 - Level 2.0 Dodging
 - Level 2.0 Stealth
 - Level 3.0 Unarmed Combat
 - Level 3.1 Spellcasting
 - Level 3.9 Transmutations
 + Level 3.5 Ice Magic


You had one spell level left.
You knew the following spells:

 Your Spells              Type           Power        Failure   Level  Hunger
a - Beastly Appendage     Tmut           ###...       3%          1    None
b - Sticks to Snakes      Tmut           ###.....     4%          2    ##.....
c - Spider Form           Tmut/Pois      #.........   22%         3    ###....
d - Ice Form              Ice/Tmut       ###.....     34%         4    ####...


Dungeon Overview and Level Annotations

Branches:
Dungeon (4/15)
 Temple: D:4-7

Altars:
Makhleb
Okawaru
Trog
Wu Jian


Innate Abilities, Weirdness & Mutations

You cannot wear most types of armour.
You are very stealthy in the water. (Stealth+)
You are amphibious.
You can wear up to eight rings at the same time.
((You can use your tentacles to constrict eight enemies at once.))
((Your skin changes colour to match your surroundings (Stealth+).))
((Your rubbery body absorbs attacks. (AC +1, EV +1)))


Message History

The orc wizard hits you but does no damage.
Things that are here:
a trident; a ring mail; an orc corpse You punch the orc priest!
You freeze the orc priest.
The orc priest is almost dead.
The orc priest closely misses you. The orc hits you with a short sword.
The orc wizard barely misses you.
You barely miss the orc priest.
The orc priest is almost dead.
The orc priest hits you but does no damage.
The orc hits you with a short sword. The orc wizard barely misses you.
You hit the orc priest but do no damage.
The orc priest is almost dead.
The orc priest barely misses you. The orc hits you with a short sword.
The orc wizard hits you but does no damage.
You barely miss the orc priest.
The orc priest is almost dead.
The orc priest mumbles some strange prayers to Beogh against you.
Beogh smites you!
You die...

#.. ..## ## ...##
#..########## ### ...##≈
#......?....# #.##..##≈≈
......).....# #...###≈≈.
.......Yo..####...##≈≈.#
###....oo.###..†###≈≈.##
####....##......'..###
##.#......####≈≈.##
#.#^#.......##≈≈.#
#...##.##...###≈≈.
##..##.# .#..$##≈≈
....... ###...##≈
......... .##.##


You could see an orc priest, an orc wizard and an orc.

Vanquished Creatures
  2 scorpions (D:4)
  An orc priest (D:4)
  An adder (D:3)
  An ooze (D:3)
  An adder skeleton (D:4)
  3 worms (D:3)
  A dart slug (D:1)
  4 leopard geckos
  6 orcs (D:3)
  A ball python (D:1)
  4 bats
  4 giant cockroaches
  7 goblins
  13 hobgoblins
  4 jackals
  7 kobolds
  3 quokkas
  A frilled lizard (D:1)
  9 rats
73 creatures vanquished.

Vanquished Creatures (collateral kills)
  A jelly (D:3)
  An adder (D:3)
  An orc (D:4)
  A kobold (D:3)
4 creatures vanquished.

Grand Total: 77 creatures vanquished

Notes
Turn   | Place    | Note
-------+----------+-------------------------------------------
     0 | D:1      | ohad the Octopode Transmuter began the quest for the Orb.
     0 | D:1      | Reached XP level 1. HP: 13/13 MP: 3/3
    18 | D:1      | Reached skill level 1 in Stealth
    73 | D:1      | Reached XP level 2. HP: 18/18 MP: 3/5
   256 | D:1      | Learned a level 2 spell: Sticks to Snakes
   685 | D:1      | Reached XP level 3. HP: 23/23 MP: 6/6
   690 | D:1      | Learned a level 3 spell: Spider Form
   968 | D:2      | Found an ornate altar of the Wu Jian Council.
  1181 | D:2      | Found an iron altar of Okawaru.
  1182 | D:2      | Found a bloodstained altar of Trog.
  1192 | D:2      | Became a worshipper of Warmaster Okawaru
  1590 | D:2      | Found a burning altar of Makhleb.
  1590 | D:2      | Noticed a cacodemon
  2185 | D:3      | Reached XP level 4. HP: 14/28 MP: 2/7
  2886 | D:3      | Found a faded altar of an unknown god.
  3005 | D:3      | Reached XP level 5. HP: 16/33 MP: 1/9
  3027 | D:3      | Learned a level 4 spell: Ice Form
  3311 | D:3      | Reached skill level 1 in Ice Magic
  3743 | D:4      | Reached XP level 6. HP: 36/38 MP: 5/10
  3790 | D:4      | Killed from afar by an orc priest

Vault maps used:
D:1:      minmay_arrival_checkered_box
D:2:      gammafunk_temple_overflow_pools, nicolae_overflow_hidden_temple,
          hex_medium, makhleb_altar_promises_db
D:3:      chequers_ecumenical_altar_simple
D:4:      lemuel_crystal_altar, minmay_temple_entry_nine_rooms, first_bread,
          kennysheep_diamond

Skill      XL: |  1  2  3  4  5 |
---------------+----------------+-----
Stealth        | 2 |  2.0
Transmutations | 3 |  3.9
Spellcasting   | 3 |  3.1
Ice Magic      | 3 |  3.5
Fighting       | |  1.0
Dodging        | |  2.0
Unarmed Combat | |  3.0

Action                   |  1- 3 |  4- 6 || total
-------------------------+-------+-------++-------
Melee: Unarmed           |    92 |    93 ||   185
       Constrict         |    21 |     9 ||    30
       Tentacles         |     7 |     5 ||    12
       Kick              |     6 |       ||     6
       Punch             |     2 |     1 ||     3
 Cast: Beastly Appendage |     8 |       ||     8
       Spider Form       |     5 |     8 ||    13
       Sticks to Snakes  |       |     7 ||     7
       Ice Form          |       |     2 ||     2
  Use: Scroll            |     2 |     1 ||     3
       Potion            |     1 |     1 ||     2
 Stab: Sleeping          |    14 |    12 ||    26
  Eat: Chunk             |     4 |     3 ||     7
       Bread ration      |       |     1 ||     1
Armor: Skin              |     9 |     7 ||    16
Dodge: Dodged            |    49 |    49 ||    98

Table legend:
 A = Spawn XP
 B = Non-spawn XP
 C = Spawn XP percentage of total XP
 D = Spawn monster count
 E = Non-spawn monster count
 F = Spawn count percentage of total count
 G = Total turns spent on level
                    A         B        C        D         E        F      G
               +---------+---------+-------+---------+---------+-------+---------
         Total |       0 |     400 |   0.0 |       0 |      74 |   0.0 |  3790
               +---------+---------+-------+---------+---------+-------+---------
           D:1 |       0 |      37 |   0.0 |       0 |      22 |   0.0 |   891
           D:2 |       0 |      19 |   0.0 |       0 |      10 |   0.0 |  1381
           D:3 |       0 |     152 |   0.0 |       0 |      36 |   0.0 |  1159
           D:4 |       0 |     192 |   0.0 |       0 |       6 |   0.0 |   359
               +---------+---------+-------+---------+---------+-------+---------
